 Dungeon Crawl Stone Soup version 0.21.1-1-g345015f (webtiles) character file.

487 Fang the Chopper (level 7, 0/44 HPs)
             Began as a Gargoyle Berserker on May 14, 2018.
             Was a Priest of Trog.
             Slain by a gnoll
             ... wielding a cursed +0 flail
              (4 damage)
             ... on level 3 of the Dungeon.
             The game lasted 00:08:22 (4058 turns).

Fang the Chopper (Gargoyle Berserker)               Turns: 4058, Time: 00:08:22

Health: 0/44       AC:  7    Str: 22    XL:     7   Next: 13%
Magic:  7/7        EV: 13    Int:  8    God:    Trog [***...]
Gold:   84         SH:  0    Dex:  9    Spells: 6/6 levels left

rFire    . . .     SeeInvis .   a - +0 hand axe
rCold    + + .     Gourm    .   (no shield)
rNeg     + . .     Faith    .   b - +0 animal skin
rPois    ∞         Spirit   .   (no helmet)
rElec    +         Reflect  .   (no cloak)
rCorr    .         Harm     .   (no gloves)
MR       .....                  (no boots)
Stlth    +.........             (no amulet)
HPRegen  0.14/turn              j - ring of protection from cold
MPRegen  0.10/turn              m - ring of protection from cold

@: starving
A: negative energy resistance 1, electricity resistance, unbreathing,
petrification resistance, rot immunity, AC +4
a: Berserk, Trog's Hand, Burn Spellbooks, Renounce Religion


You were on level 3 of the Dungeon.
You worshipped Trog.
Trog was most pleased with you.
You were starving.

You visited 1 branch of the dungeon, and saw 4 of its levels.

You collected 84 gold pieces.

Inventory:

Hand Weapons
 a - a +0 hand axe (weapon)
Armour
 b - a +0 animal skin (worn)
Jewellery
 j - a ring of protection from cold (left hand)
 m - a ring of protection from cold (right hand)
Scrolls
 e - 3 scrolls of teleportation {unknown}
 f - a scroll of enchant weapon {unknown}
 g - 2 scrolls of identify
 k - a scroll of immolation {unknown}
 n - a scroll of blinking {unknown}
Potions
 d - a potion of berserk rage
 h - 2 potions of curing {unknown}
 l - a potion of agility {unknown}
Comestibles
 c - 5 rations


   Skills:
 + Level 4.8 Fighting
 + Level 5.3 Axes
 + Level 2.8 Armour
 + Level 3.2 Dodging
 + Level 1.3 Stealth


You had 6 spell levels left.
You didn't know any spells.

Dungeon Overview and Level Annotations

Branches:
Dungeon (4/15)
 Temple: D:4-7

Altars:
Wu Jian

Annotations:
D:2 Natasha


Innate Abilities, Weirdness & Mutations

You are resistant to torment.
Your stone body is resilient. (AC +4)
You are immune to poison.
You resist negative energy. (rN+)
You are resistant to electric shocks. (rElec)
You can survive without breathing.
You are immune to petrification.
You are immune to rotting.


Message History

You hit the gnoll.
You kill the gnoll!
Trog accepts your kill.
You barely miss the gnoll. You closely miss the gnoll. You hit the ogre.
The ogre closely misses you.
The gnoll hits you but does no damage. x3
The gnoll closely misses you.
You hit the gnoll.
The gnoll is almost dead.
You closely miss the gnoll. x2; You completely miss the ogre.
You are starving!
The ogre misses you. The gnoll barely misses you. x2
The gnoll hits you with a whip.
* * * LOW HITPOINT WARNING * * *
The gnoll barely misses you.
As you read the scroll labeled CIT FOMESIO, it crumbles to dust.
It is a scroll of identify.
d - a potion of berserk rage The gnoll misses you.
The gnoll hits you but does no damage. The gnoll hits you with a flail.
You die...

≈≈≈≈≈≈≈≈≈≈≈≈≈†≈≈≈≈≈≈≈≈≈≈≈≈≈≈≈≈≈≈≈
≈≈≈≈≈≈≈≈≈≈≈≈≈≈≈≈≈≈≈≈≈≈≈≈≈≈≈≈≈≈≈≈≈
≈≈≈≈≈≈≈≈≈≈≈≈≈≈≈≈≈≈≈≈≈≈≈≈≈≈#####≈≈
..........................#...#≈≈
###########################...#≈≈
. !.. #....#'###≈≈ #..
########....#.#.≈≈≈
#....#g).........#.#.≈≈≈
..≈≈..g@.....#''##.#.≈≈≈
..≈≈.gOg.....#.....#)≈≈≈
#....#.......#...).#.≈≈≈
'##################'#####.#.≈≈≈
.......'...)'.......#...#.#.≈≈≈
.......#.)..#.......#.#...#.≈≈≈
.......#....#.......#...#'###≈≈
##########''''#############...#≈≈
..........................#...#≈≈


You could see an ogre and 4 gnolls.

Vanquished Creatures
  A bullfrog (D:3)
  2 gnoll shamans (D:3)
  Natasha (twice) (D:2)
  Robin (D:2)
  17 gnolls
  3 adders
  A worm (D:2)
  2 dart slugs
  2 leopard geckos
  3 orcs (D:3)
  A giant cockroach (D:1)
  18 goblins
  7 hobgoblins
  21 jackals (D:3)
  3 quokkas
  11 bats
  6 frilled lizards
  3 kobolds
  3 rats
107 creatures vanquished.

Notes
Turn   | Place    | Note
-------+----------+-------------------------------------------
     0 | D:1      | Fang the Gargoyle Berserker began the quest for the Orb.
     0 | D:1      | Reached XP level 1. HP: 14/14 MP: 1/1
   181 | D:1      | Reached XP level 2. HP: 11/19 MP: 2/2
   828 | D:2      | Noticed Natasha
   837 | D:2      | Reached XP level 3. HP: 9/24 MP: 3/3
   838 | D:2      | Killed Natasha
   838 | D:2      | Reached skill level 3 in Axes
  1166 | D:2      | Reached XP level 4. HP: 29/29 MP: 4/4
  1215 | D:2      | Noticed Robin
  1227 | D:2      | Reached ** piety under Trog
  1234 | D:2      | Killed Robin
  1353 | D:2      | Found an ornate altar of the Wu Jian Council.
  1658 | D:2      | Noticed Natasha
  1668 | D:2      | Killed Natasha
  1668 | D:2      | Reached XP level 5. HP: 12/33 MP: 5/5
  1966 | D:3      | Reached skill level 4 in Axes
  2234 | D:3      | Reached XP level 6. HP: 39/39 MP: 6/6
  2645 | D:3      | Reached *** piety under Trog
  3109 | D:3      | Reached skill level 1 in Stealth
  3319 | D:2      | Noticed Natasha
  3600 | D:3      | Reached skill level 5 in Axes
  3751 | D:4      | Reached XP level 7. HP: 17/44 MP: 7/7
  4058 | D:3      | Slain by a gnoll

Skill      XL: |  1  2  3  4  5  6 |
---------------+-------------------+-----
Axes           | 3 4 5 |  5.3
Dodging        | 2 3 |  3.2
Fighting       | 4 |  4.8
Stealth        | 1 |  1.3
Armour         | |  2.8

Action                   |  1- 3 |  4- 6 |  7- 9 || total
-------------------------+-------+-------+-------++-------
Melee: Hand axe          |    83 |   278 |    17 ||   378
Invok: Berserk           |     2 |     7 |     1 ||    10
  Use: Scroll            |       |       |     1 ||     1
       Potion            |       |       |     1 ||     1
  Eat: Chunk             |     1 |    10 |       ||    11
       Ration            |       |     2 |       ||     2
Armor: Animal skin       |    23 |    90 |    11 ||   124
Dodge: Dodged            |    56 |   195 |    21 ||   272
